 Dungeon Crawl Stone Soup version 0.23.2-1-ga50397a6bc (webtiles) character file.

Game seed: 4827346753758104774

3178 Norn the Skirmisher (level 9, -7/64 HPs)
             Began as an Octopode Wizard on May 7, 2019.
             Was a Believer of Sif Muna.
             Mangled by a two-headed ogre
             ... wielding a +0 giant spiked club
              (14 damage)
             ... on level 8 of the Dungeon.
             The game lasted 00:43:22 (15197 turns).

Norn the Skirmisher (Octopode Wizard)              Turns: 15197, Time: 00:43:23

Health: -7/64      AC: 11    Str:  7    XL:     9   Next: 95%
Magic:  0/16       EV: 15    Int: 23    God:    Sif Muna [**....]
Gold:   394        SH:  4    Dex: 10    Spells: 12/18 levels left

rFire    . . .     SeeInvis .   f - +0 dagger (protect)
rCold    . . .     Gourm    .   w - +0 buckler
rNeg     . . .     Faith    .   a - +0 hat
rPois    .         Spirit   .   (no amulet)
rElec    .         Reflect  .   t - +3 ring of protection
rCorr    .         Harm     .   l - ring of protection from magic
MR       +....                  (no ring)
Stlth    +++.......             (no ring)
HPRegen  0.20/turn              (no ring)
MPRegen  0.15/turn              (no ring)
                                (no ring)
                                (no ring)

@: protection aura, divine energy
A: almost no armour, stealthy swim, amphibious, 8 rings, constrict 8, camouflage
1, gelatinous body 1
a: Stop Divine Energy, Renounce Religion


You were on level 8 of the Dungeon.
You worshipped Sif Muna.
Sif Muna was pleased with you.
You were very hungry.

You visited 2 branches of the dungeon, and saw 9 of its levels.

You collected 394 gold pieces.

Inventory:

Hand Weapons
 f - a +0 dagger of protection (weapon)
   (You took it off an orc on level 4 of the Dungeon)
 h - a +1 vampiric dagger {!w}
   (You found it on level 3 of the Dungeon)
 E - a +3 spear of freezing
   (You took it off a gnoll sergeant on level 5 of the Dungeon)
Armour
 a - a +0 hat (worn)
 w - a +0 buckler (worn)
   (You took it off a gnoll on level 5 of the Dungeon)
Jewellery
 l - a ring of protection from magic (right tentacle)
   (You found it on level 1 of the Dungeon)
 t - a +3 ring of protection (left tentacle)
   (You found it on level 6 of the Dungeon)
Wands
 p - a wand of random effects (21)
   (You took it off Robin on level 2 of the Dungeon)
 v - a wand of digging (6)
   (You found it on level 7 of the Dungeon)
 D - a wand of polymorph (9)
   (You found it on level 7 of the Dungeon)
Scrolls
 g - a scroll of enchant weapon {unknown}
 j - 2 scrolls of immolation {unknown}
 k - 4 scrolls of blinking
 n - 2 scrolls of teleportation {@r4}
 r - a scroll of fear
 u - 2 scrolls of identify {@r1}
 x - a scroll of fog
 y - a scroll of enchant armour {unknown}
 B - 2 scrolls of noise {unknown}
 C - a scroll of acquirement {unknown}
 F - a scroll of remove curse {@r2}
Potions
 b - a potion of curing {@q1}
 c - a potion of might {unknown}
 d - 2 potions of agility
 i - 2 potions of resistance
 m - a potion of ambrosia
 o - a potion of mutation {unknown}
 q - 4 potions of haste {@q3}
 s - a potion of brilliance {unknown}
 z - a potion of flight {unknown}
 A - 2 potions of cancellation {unknown}
Comestibles
 e - 17 rations {!d}


   Skills:
 + Level 7.3 Fighting
 + Level 6.1 Dodging
 - Level 2.6 Stealth
 - Level 4.2 Shields
 + Level 5.3 Spellcasting
 - Level 5.0 Conjurations
 - Level 4.0 Summonings
   Level 1.0 Translocations
 - Level 2.0 Air Magic
 - Level 2.0 Poison Magic


You had 12 spell levels left.
You knew the following spells:

 Your Spells              Type           Power        Failure   Level  Hunger
a - Magic Dart            Conj           ####         1%          1    None
f - Mephitic Cloud        Conj/Pois/Air  ###.....     8%          3    ##.....
x - Call Imp              Summ           ###.....     2%          2    None

Your spell library contained the following spells:

 Spells                   Type           Power        Failure   Level  Hunger
 Blink                    Tloc           N/A          9%          2    None
 Conjure Flame            Conj/Fire      ###.....     10%         3    ##.....
 Slow                     Hex            #.......     14%         2    None


Dungeon Overview and Level Annotations

Branches:
Dungeon (8/15)             Temple (1/1) D:4
   Lair: D:8-11

Altars:
Ashenzari
Cheibriados
Dithmenos
Elyvilon
Fedhas
Gozag
Hepliaklqana
Makhleb
Nemelex Xobeh
Okawaru
Qazlal
Ru
Sif Muna
Trog
Uskayaw
Vehumet
Wu Jian
Xom
Yredelemnul
Zin
The Shining One

Shops:
D:5 (   D:6 *


Innate Abilities, Weirdness & Mutations

You cannot wear most types of armour.
You are very stealthy in the water. (Stealth+)
You are amphibious.
You can wear up to eight rings at the same time.
You can use your tentacles to constrict eight enemies at once.
Your skin changes colour to match your surroundings (Stealth+).
Your rubbery body absorbs attacks. (AC +1, EV +1)


Message History

You can't see any susceptible monsters within range! (Use Z to cast anyway.)
The two-headed ogre hits your white imp with a +0 giant spiked club.
The two-headed ogre completely misses your white imp.
Your white imp gestures at the two-headed ogre.
The puff of frost hits the two-headed ogre!
Your crimson imp hits the two-headed ogre.
You can't see any susceptible monsters within range! (Use Z to cast anyway.)
The two-headed ogre closely misses your white imp.
The two-headed ogre hits your white imp with a +0 giant spiked club!
Your white imp dies!
Your crimson imp closely misses the two-headed ogre.
Aim: a two-headed ogre, wielding two +0 giant spiked clubs (heavily wounded)
The magic dart hits the two-headed ogre.
Your crimson imp barely misses the two-headed ogre.
Aim: a two-headed ogre, wielding two +0 giant spiked clubs (heavily wounded)
The magic dart hits the two-headed ogre.
Your crimson imp barely misses the two-headed ogre.
Aim: a two-headed ogre, wielding two +0 giant spiked clubs (heavily wounded)
The magic dart hits the two-headed ogre.
The ball explodes into a vile cloud!
The stinking cloud engulfs the two-headed ogre but does no damage.
You hear a shout! x2
The two-headed ogre is engulfed in noxious fumes.
The two-headed ogre appears confused.
Your crimson imp blinks!
The two-headed ogre closely misses you. The two-headed ogre misses you.
You hit the two-headed ogre.
Your weapon exudes an aura of protection.
The two-headed ogre seems less confused.
Your crimson imp blinks!
The two-headed ogre closely misses you. x2
You hit the two-headed ogre but do no damage.
The two-headed ogre completely misses you.
The two-headed ogre hits you with a +0 giant spiked club!
You see here a +0 hand axe.
Aim: a two-headed ogre, wielding two +0 giant spiked clubs (heavily wounded)
The ball explodes into a vile cloud!
The stinking cloud engulfs the two-headed ogre but does no damage.
You hear a loud, deep croak!
You hear a shout!
The two-headed ogre is engulfed in noxious fumes.
You hit the two-headed ogre but do no damage.
The two-headed ogre is engulfed in noxious fumes.
The two-headed ogre hits you with a +0 giant spiked club.
The two-headed ogre hits you with a +0 giant spiked club!
You barely miss the two-headed ogre.
The two-headed ogre is engulfed in noxious fumes.
The two-headed ogre hits you with a +0 giant spiked club!!
* * * LOW HITPOINT WARNING * * *
The two-headed ogre hits you with a +0 giant spiked club!
You die...

..... ... #...# #.#
#...###.# ## #.......# .
#####....##.# .#
##...........#####.#####
..........☼☼☼...........
#.....<.@O○..........#
...###....###.......### #.#
#..............# ### #.#
#...####.......# .... #.#
#...####..#....#
....#####.####....(((#%....#
#........# #######..()...#
###o.....## ##......#
##(.o...# #.>#.#.#


You could see a two-headed ogre.

Vanquished Creatures
  A hungry ghost (D:7)
  2 ice beasts (D:7)
  A sky beast (D:7)
  An orc warrior (D:7)
  A necrophage (D:7)
  An ogre (D:7)
  3 phantoms
  4 centaurs
  2 bullfrogs
  3 howler monkeys
  2 crimson imps
  2 centaur zombies
  4 hounds
  A gnoll shaman (D:5)
  2 jellies
  3 orc priests
  An iguana (D:7)
  3 worker ants
  3 orc wizards
  A killer bee zombie (D:5)
  A worker ant zombie (D:7)
  23 gnolls
  Robin (D:2)
  2 adders
  A shadow imp (D:4)
  An adder zombie (D:5)
  5 worms
  2 adder skeletons (D:4)
  4 dart slugs
  7 leopard geckos
  29 orcs
  4 giant cockroaches
  9 goblins
  8 hobgoblins
  19 jackals
  3 quokkas
  4 ball pythons
  7 bats
  7 frilled lizards
  5 kobolds
  A leopard gecko skeleton (D:5)
  A quokka zombie (D:6)
  14 rats
199 creatures vanquished.

Vanquished Creatures (collateral kills)
  A spriggan (D:7)
  An orc warrior (D:7)
  An ice beast (D:8)
  A bullfrog (D:7)
  A gnoll sergeant (D:5)
  2 scorpions
  A howler monkey (D:7)
  A crimson imp (D:8)
  A gnoll shaman (D:5)
  2 orc priests (D:3)
  4 orc wizards
  An iguana (D:4)
  Jessica (D:2)
  A bullfrog skeleton (D:5)
  18 gnolls
  An ooze (D:6)
  4 worms
  7 orcs
  5 goblins (D:2)
  2 hobgoblins (D:2)
  3 jackals (D:5)
  2 quokkas
  A frilled lizard (D:2)
62 creatures vanquished.

Grand Total: 261 creatures vanquished

Notes
Turn   | Place    | Note
-------+----------+-------------------------------------------
     0 | D:1      | Norn the Octopode Wizard began the quest for the Orb.
     0 | D:1      | Reached XP level 1. HP: 11/11 MP: 4/4
   250 | D:1      | Reached XP level 2. HP: 18/18 MP: 0/6
   446 | D:1      | Reached skill level 1 in Fighting
   514 | D:1      | Reached XP level 3. HP: 23/23 MP: 0/7
  1064 | D:2      | Noticed a moth of wrath
  1067 | D:2      | Found a bloodstained altar of Trog.
  1077 | D:2      | Learned a level 2 spell: Call Imp
  1890 | D:2      | Noticed Jessica
  1893 | D:2      | Killed Jessica
  1893 | D:2      | Reached XP level 4. HP: 28/29 MP: 1/9
  2181 | D:2      | Noticed Robin
  2290 | D:2      | Killed Robin
  2419 | D:2      | Reached skill level 2 in Fighting
  3044 | D:3      | Reached XP level 5. HP: 34/34 MP: 1/10
  3949 | D:3      | Learned a level 3 spell: Mephitic Cloud
  4010 | D:3      | Found a stormy altar of Qazlal.
  4664 | D:4      | Reached XP level 6. HP: 30/41 MP: 4/11
  4736 | D:4      | Noticed a phantom
  4756 | D:4      | Killed a phantom
  5099 | D:4      | Found a snail-covered altar of Cheibriados.
  5344 | D:4      | Found a shimmering altar of Xom.
  5344 | D:4      | Found a hide-covered altar of Uskayaw.
  5351 | D:4      | Reached skill level 3 in Fighting
  5424 | D:4      | Found an opulent altar of Gozag.
  5500 | D:4      | Found a shadowy altar of Dithmenos.
  5580 | D:4      | Found a staircase to the Ecumenical Temple.
  5604 | Temple   | Entered the Ecumenical Temple
  5683 | Temple   | Became a worshipper of Sif Muna the Loreminder
  5978 | D:5      | Entered Level 5 of the Dungeon
  6002 | D:5      | Found a basalt altar of Yredelemnul.
  6038 | D:5      | Reached skill level 5 in Conjurations
  6038 | D:5      | Reached XP level 7. HP: 28/46 MP: 4/13
  6432 | D:5      | Found Ruid's Weapon Emporium.
  7241 | D:5      | Reached * piety under Sif Muna
  7349 | D:5      | Reached skill level 4 in Fighting
  8134 | D:5      | Reached XP level 8. HP: 29/54 MP: 0/14
  9198 | D:6      | Found a sacrificial altar of Ru.
  9213 | D:6      | Reached skill level 1 in Shields
  9353 | D:6      | Reached skill level 5 in Fighting
 10038 | D:6      | Found Geasell Icif's General Store.
 10070 | D:6      | Found a glowing silver altar of Zin.
 10318 | D:6      | Reached skill level 1 in Poison Magic
 10902 | D:7      | Reached XP level 9. HP: 57/62 MP: 3/15
 11418 | D:7      | Reached skill level 1 in Air Magic
 11570 | D:7      | Reached skill level 6 in Fighting
 12624 | D:7      | Reached skill level 5 in Dodging
 13177 | D:7      | Reached ** piety under Sif Muna
 14074 | D:7      | Reached skill level 7 in Fighting
 14074 | D:7      | Reached skill level 5 in Spellcasting
 14326 | D:8      | Found an ornate altar of the Wu Jian Council.
 14913 | D:8      | Noticed a two-headed ogre
 15197 | D:8      | Mangled by a two-headed ogre

Skill      XL: |  1  2  3  4  5  6  7  8  9 |
---------------+----------------------------+-----
Fighting       | 1 2 3 4 5 7 |  7.3
Conjurations   | 2 3 4 5 |  5.0
Spellcasting   | 4 5 |  5.3
Dodging        | 3 4 6 |  6.1
Summonings     | 2 4 |  4.0
Shields        | 4 |  4.2
Poison Magic   | 2 |  2.0
Air Magic      | 2 |  2.0
Stealth        | |  2.6
Translocations | |  1.0

Action                   |  1- 3 |  4- 6 |  7- 9 || total
-------------------------+-------+-------+-------++-------
Melee: Unarmed           |    42 |    17 |       ||    59
       Constrict         |    14 |     6 |    23 ||    43
       Tentacles         |     7 |     8 |    14 ||    29
       Dagger            |       |    16 |   130 ||   146
 Cast: Magic Dart        |    85 |   185 |   487 ||   757
       Call Imp          |     5 |    25 |   105 ||   135
       Mephitic Cloud    |       |       |    19 ||    19
Invok: Divine Energy     |       |       |     1 ||     1
Evoke: Wand              |       |     1 |     2 ||     3
  Use: Scroll            |       |    12 |     2 ||    14
       Potion            |       |     1 |       ||     1
 Stab: Sleeping          |       |     1 |       ||     1
       Distracted        |       |     1 |       ||     1
       Confused          |       |       |     4 ||     4
  Eat: Chunk             |     3 |    10 |    26 ||    39
       Ration            |       |     1 |     1 ||     2
Armor: Skin              |     4 |    12 |    43 ||    59
Dodge: Dodged            |    26 |    60 |   201 ||   287
Block: Buckler           |       |       |    31 ||    31
